 Dungeon Crawl Stone Soup version 0.28-a0-1404-g4df0f3684d (webtiles) character file.

Game seed: 5471775469648506986

72 southernslant the Skirmisher (level 4, -15/28 HPs)
             Began as a Gargoyle Gladiator on Jan 6, 2022.
             Blown up by Ijyb (22 damage)
             ... with a mindburst bolt
             ... on level 3 of the Dungeon.
             The game lasted 00:04:19 (1420 turns).

southernslant the Skirmisher (Gargoyle Gladiator)   Turns: 1420, Time: 00:04:21

Health: -15/28     AC: 14    Str: 17    XL:     4   Next: 26%
Magic:  13/13      EV:  7    Int:  9    God:
Gold:   41         SH:  0    Dex: 13    Spells: 3/3 levels left

rFire   . . .      SeeInvis .   a - +0 trident
rCold   . . .      Faith    .   (no shield)
rNeg    + . .      Spirit   .   l - +1 chain mail {rPois}
rPois   ∞          Reflect  .   c - +0 helmet
rElec   +          Harm     .   (no cloak)
rCorr   .          Rampage  .   (no gloves)
Will    .....                   (no boots)
Stlth   ..........              (no amulet)
HPRegen 0.09/turn               i - ring of magical power
MPRegen 0.13/turn               (no ring)

@: no status effects
A: sickness immunity, AC +3, negative energy resistance 1, electricity
resistance, torment resistance 1, petrification resistance
a: no special abilities


You were on level 3 of the Dungeon.
You visited 1 branch of the dungeon, and saw 3 of its levels.

You collected 41 gold pieces.

Inventory:

Hand Weapons
 a - a +0 trident (weapon)
Armour
 b - a +0 leather armour
 c - a +0 helmet (worn)
 l - a +1 chain mail of poison resistance (worn)
Jewellery
 i - a ring of magical power (left hand)
Scrolls
 j - a scroll of enchant armour {unknown}
 k - a scroll of teleportation {unknown}
 m - a scroll of vulnerability {unknown}
 n - 2 scrolls of identify {unknown}
Potions
 e - a potion of heal wounds {unknown}
 g - a potion of lignification {unknown}
 h - a potion of degeneration {unknown}


   Skills:
 * Level 3.3 Fighting
 + Level 3.0 Polearms
 + Level 2.1 Throwing
 * Level 2.0 Armour
 + Level 2.6 Dodging


You had 3 spell levels left.
You didn't know any spells.
Your spell library contained the following spells:

 Spells                   Type           Power      Damage    Failure   Level
 Ensorcelled Hibernation  Hex/Ice        0%         N/A       100%        2
 Tukima's Dance           Hex            0%         N/A       100%        3
 Enfeeble                 Hex            0%         N/A       100%        7


Dungeon Overview and Level Annotations

Branches:
Dungeon (3/15)

Altars:

Shops:
D:1 :

Annotations:
D:3 Ijyb


Innate Abilities, Weirdness & Mutations

You are immune to sickness and miasma.
Your stone body is resilient. (AC +3)
You are immune to poison.
You resist negative energy. (rN+)
You are resistant to electric shocks. (rElec)
You are resistant to unholy torment.
You are immune to petrification.


Message History

You catch the helpless Ijyb completely off-guard!
You hit Ijyb. You punch Ijyb, but do no damage.
Ijyb is moderately wounded.
Ijyb struggles against the net.
You hit Ijyb but do no damage.
Ijyb is moderately wounded.
Ijyb struggles against the net.
Ijyb zaps a wand.
You barely resist.
Ijyb struggles against the net.
The net rips apart, and Ijyb comes free!
You hit Ijyb.
Ijyb is heavily wounded.
You closely miss Ijyb.
Ijyb is heavily wounded.
Ijyb hits you but does no damage.
You barely miss Ijyb.
Ijyb is heavily wounded.
Ijyb zaps a wand.
Your mind is blasted!
* * * LOW HITPOINT WARNING * * *
You are too injured to fight recklessly!
You are too injured to fight recklessly!
You are too injured to fight recklessly!
Drop what? 13/52 slots (_ for help) (? for menu, Esc to quit)
Okay, then.
Throw: 2 throwing nets
Press: ? - help, Q - select action Shift-Dir - straight line, f/p - Ijyb
Aim: Ijyb, wielding a +0 dagger, wearing a +2 chain mail of willpower and carrying a wand of mindburst (9) (heavily wounded, 59% to hit)
You throw a throwing net. The throwing net barely misses Ijyb.
The throwing net barely misses the gnoll.
Ijyb hits you but does no damage.
Throw: throwing net
Press: ? - help, Q - select action Shift-Dir - straight line, f/p - Ijyb
Aim: Ijyb, wielding a +0 dagger, wearing a +2 chain mail of willpower and carrying a wand of mindburst (9) (heavily wounded, 59% to hit)
You throw a throwing net. The throwing net closely misses Ijyb.
The throwing net barely misses the gnoll.
Ijyb barely misses you.
You hit Ijyb but do no damage.
Ijyb is heavily wounded.
Ijyb zaps a wand.
Your mind is blasted!
Ouch! That really hurt!
You die...

## .# ######.######
#...@gg....(.
#######..###.#####.
#######........# .#
...........###.###.#
....................
...........###.###..
...............# .$#
##.........######
..#
...####...........


You could see Ijyb and a gnoll.

Vanquished Creatures
  2 gnolls (D:3)
  A worm (D:2)
  A dart slug (D:3)
  7 bats
  5 endoplasms (D:1)
  2 giant cockroaches
  4 goblins
  2 hobgoblins
  3 jackals (D:2)
  7 kobolds
  A quokka (D:2)
  4 ball pythons
  3 frilled lizards
  5 rats (D:1)
47 creatures vanquished.

Notes
Turn   | Place    | Note
-------+----------+-------------------------------------------
     0 | D:1      | southernslant the Gargoyle Gladiator began the quest for
                  | the Orb.
     0 | D:1      | Reached XP level 1. HP: 12/12 MP: 1/1
    54 | D:1      | Reached XP level 2. HP: 15/18 MP: 2/2
   144 | D:1      | Reached skill level 1 in Armour
   581 | D:1      | Found Xenulaung's Book Emporium.
   671 | D:1      | Reached XP level 3. HP: 22/22 MP: 3/3
  1401 | D:3      | Noticed Ijyb
  1405 | D:3      | Reached XP level 4. HP: 28/28 MP: 4/4
  1420 | D:3      | Blown up by Ijyb

Illustrated notes

Levels and vault maps discovered:
D:1:      matt_arrival_grand_opening, layout_rooms, serial_shops, shop,
          st_stairs_12
D:2:      layout_basic
D:3:      layout_basic, gammafunk_ghost_grave, st_stairs_7, uniq_sigmund,
          uniq_ijyb, uniq_grinder

Skill      XL: |  1  2  3  4 |
---------------+-------------+-----
Armour         | 1 2 |  2.0
Throwing       | 2 |  2.1
Fighting       | 3 |  3.3
Polearms       | 3 |  3.0
Dodging        | |  2.6

Action                   |  1- 3 |  4- 6 || total
-------------------------+-------+-------++-------
Melee: Trident           |   151 |    11 ||   162
       Punch             |       |     1 ||     1
Throw: Javelin           |     2 |     2 ||     4
       Throwing net      |       |     3 ||     3
 Stab: Sleeping          |     1 |       ||     1
       Held in net/web   |       |     1 ||     1
Armor: Leather armour    |    39 |       ||    39
       Chain mail        |    29 |     4 ||    33
Dodge: Dodged            |    97 |     3 ||   100

Table legend: (Time is in decaauts)
 A = Elapsed time spent in this place.
 B = Non-inter-level travel time spent in this place.
 C = Inter-level travel time spent in this place.
 D = Time resting spent in this place.
 E = Time spent auto-exploring this place.
 F = Levels seen in this place.
 G = Mean time per level.
                   A        B        C        D        E       F      G
               +--------+--------+--------+--------+--------+-----+--------+
         Total |   1446 |   1435 |     11 |      0 |   1049 |   3 |  482.0 |
       Dungeon |   1446 |   1435 |     11 |      0 |   1049 |   3 |  482.0 |
               +--------+--------+--------+--------+--------+-----+--------+

Top non-repeatable levels by time:
     D:1: 855 daAuts
     D:2: 481 daAuts
     D:3: 109 daAuts
